 Dungeon Crawl Stone Soup version 0.29-a0-330-g52719c12eb (webtiles) character file.

Game seed: 336502651505523003

16 kae the Insei (level 2, -1/23 HPs)
             Began as a Demigod Transmuter on Apr 21, 2022.
             Succumbed to a goblin's poison
             ... on level 1 of the Dungeon.
             The game lasted 00:00:22 (953 turns).

kae the Insei (Demigod Transmuter)                   Turns: 953, Time: 00:00:22

Health: -1/23      AC:  2    Str:  9 (11) XL:     2   Next: 24%
Magic:  7/7        EV: 12    Int: 13 (15) God:
Gold:   45         SH:  0    Dex: 12 (14) Spells: 4/5 levels left

rFire   . . .      SeeInvis .   d - +1 short sword (venom)
rCold   . . .      Faith    .   (no shield)
rNeg    . . .      Spirit   .   a - +0 robe
rPois   .          Reflect  .   (helmet currently unavailable)
rElec   .          Harm     .   (no cloak)
rCorr   .          Rampage  .   (no gloves)
Will    .....                   (boots currently unavailable)
Stlth   +.........              (no amulet)
HPRegen 0.07/turn               (no ring)
MPRegen 0.10/turn               (no ring)

@: lethally poisoned (-1 -> -13), appendages (expiring)
A: horns 2, talons 2, high MP 1, forlorn, divine attributes
a: End Transformation


You were on level 1 of the Dungeon.
You had temporarily grown beastly horns and talons.
You visited 1 branch of the dungeon, and saw 1 of its levels.

You collected 45 gold pieces.

Inventory:

Hand Weapons
 d - a +1 short sword of venom (weapon)
Armour
 a - a +0 robe (worn)
Scrolls
 e - 3 scrolls of identify {unknown}
 g - a scroll of enchant armour {unknown}
 h - a scroll of summoning {unknown}
 i - a scroll of noise {unknown}
Potions
 b - a potion of lignification


   Skills:
 + Level 1.2 Fighting
 + Level 2.0 Dodging
 + Level 2.8 Unarmed Combat
 + Level 2.0 Spellcasting
 + Level 2.0 Transmutations


You had 4 spell levels left.
You knew the following spells:

 Your Spells              Type           Power      Damage    Failure   Level
a - Beastly Appendage     Tmut           12%        N/A       11%         1

Your spell library contained the following spells:

 Spells                   Type           Power      Damage    Failure   Level
 Wereblood                Tmut           6%         N/A       17%         2
 Spider Form              Tmut/Pois      3%         N/A       45%         3
 Ice Form                 Ice/Tmut       3%         N/A       86%         4


Dungeon Overview and Level Annotations

Branches:
Dungeon (1/15)


Innate Abilities, Weirdness & Mutations

You have temporarily grown beastly horns and talons.
You have an increased reservoir of magic. (+10% MP)
You shall have no god before yourself.
Your divine heritage dramatically boosts your attributes as you level up.


Message History

The goblin hits you with a +0 club.
The goblin shouts!
The goblin barely misses you.
You puncture the goblin!
You kill the goblin!
You barely miss the quokka. The quokka barely misses you.
The quokka closely misses you.
You miss the quokka. Your kick misses the quokka.
The goblin hits you with a +2 dagger of venom.
The quokka bites you but does no damage.
You miss the quokka. Your kick misses the quokka.
Your headbutt misses the quokka.
Your transformation is almost over.
The goblin barely misses you. The quokka barely misses you.
You barely miss the quokka. You claw the quokka, but do no damage.
The quokka bites you.
The goblin hits you with a +2 dagger of venom.
You are poisoned.
The quokka bites you.
* * * LOW HITPOINT WARNING * * *
You are too injured to fight recklessly!
You are too injured to fight recklessly!
You are too injured to fight recklessly!
You are too injured to fight recklessly!
You are too injured to fight recklessly!
It was a potion of degeneration.
There was something very wrong with that liquid.
You feel weakened.
You feel dopey.
You feel clumsy.
* * * LOW HITPOINT WARNING * * *
You feel sick. The goblin misses you. The quokka closely misses you.
It was a potion of curing.
You feel better.
The goblin hits you with a +2 dagger of venom.
* * * LOW HITPOINT WARNING * * *
You are lethally poisoned!
The quokka bites you but does no damage.
Unknown command.
The goblin attacks as you move away!
The goblin hits you with a +2 dagger of venom.
* * * LOW HITPOINT WARNING * * *
You die...

# #. ### #. #.#.
##.###. .#.# ###
##.#.##. ... ...
#.###... .. ...
##.#.##. #g #.# .#
##[###. # ##r##.###.#
#.# #.
#.#.g.#...#.######.# #.
#.)...@............###>
#......#...............
#.....)...#.######.####
#.#..###..#.# #.# #.##.
#....# #.### #
#.###..########...#
#...........[.#...#
#.#.##..#####.#[..##
##.#..#..# #.......


You could see a quokka and 2 goblins.

Vanquished Creatures
  A bat (D:1)
  An endoplasm (D:1)
  4 goblins (D:1)
  A hobgoblin (D:1)
  A quokka (D:1)
  A ball python (D:1)
  5 kobolds (D:1)
  A rat (D:1)
15 creatures vanquished.

Notes
Turn   | Place    | Note
-------+----------+-------------------------------------------
     0 | D:1      | kae the Demigod Transmuter began the quest for the Orb.
     0 | D:1      | Reached XP level 1. HP: 15/15 MP: 5/5
   238 | D:1      | Reached skill level 1 in Fighting
   791 | D:1      | Reached XP level 2. HP: 22/23 MP: 5/7
   953 | D:1      | Succumbed to a goblin's poison

Illustrated notes

Levels and vault maps discovered:
D:1:      minmay_arrival_stair_chambers, layout_loops_ring,
          ebering_ecumenical_altar_hall

Skill      XL: |  1  2 |
---------------+-------+-----
Fighting       | 1 |  1.2
Dodging        | 2 |  2.0
Transmutations | 2 |  2.0
Spellcasting   | 2 |  2.0
Unarmed Combat | |  2.8

Action                   || total
-------------------------++-------
Melee: Short sword       ||    35
       Kick              ||    11
       Unarmed           ||     4
       Punch             ||     1
       Headbutt          ||     1
 Cast: Beastly Appendage ||     8
  Use: Potion            ||     2
 Stab: Sleeping          ||     1
Armor: Robe              ||     9
Dodge: Dodged            ||    20

Table legend: (Time is in decaauts)
 A = Elapsed time spent in this place.
 B = Non-inter-level travel time spent in this place.
 C = Inter-level travel time spent in this place.
 D = Time resting spent in this place.
 E = Time spent auto-exploring this place.
 F = Levels seen in this place.
 G = Mean time per level.
                   A        B        C        D        E       F      G
               +--------+--------+--------+--------+--------+-----+--------+
         Total |    955 |    955 |      0 |    322 |    524 |   1 |  955.0 |
       Dungeon |    955 |    955 |      0 |    322 |    524 |   1 |  955.0 |
               +--------+--------+--------+--------+--------+-----+--------+

Top non-repeatable levels by time:
     D:1: 955 daAuts
